[Event "Sunway Sitges Chess Festival"]
[Date "2024.12.22"]
[White "Sofronie, Iulian"]
[Black "Siddharth, Jagadeesh"]
[WhiteElo "2368"]
[BlackElo "2510"]
[Round "10.7"]
[Result "1/2-1/2"]
[TimeControl "40/5400+30:1800+30"]

1. d4 Nf6 2. Bf4 d5 3. e3 c5 4. Nc3 cxd4 5. exd4 Bg4 6. f3 Bd7 7. Nb5 Bxb5 8. Bxb5+ Nc6 9. c3 e6 10. Ne2 Bd6 11. Qa4 Qc7 12. Bxd6 Qxd6 13. Nc1 O-O 14. Bxc6 bxc6 15. Nd3 Nd7 16. O-O c5 17. dxc5 Nxc5 18. Qb4 Rfc8 19. Nxc5 Rab8 20. Qd4 Qxc5 21. Qxc5 Rxc5 22. Rf2 g5 23. Rd1 Rc4 24. Kf1 a5 25. Rd4 Rxd4 26. cxd4 Kf8 27. Rd2 Ke7 28. Ke2 Kd6 29. Kd3 f6 30. b3 e5 31. Rb2 Rc8 32. b4 Rc4 33. dxe5+ fxe5 34. a3 a4 35. b5 Rc7 36. Rb4 Rb7 37. h4 gxh4 38. Rxa4 Rxb5 39. Rxh4 Rb3+ 40. Ke2 Rxa3 41. Rxh7 Ra2+ 42. Kf1 d4 43. Rh8 Ke7 44. Rb8 Kf6 45. Rd8 Rc2 46. f4 1/2-1/2

[Variant "Standard"]
[Site "Europe Echecs"]

[Event "Sunway Sitges Chess Festival"]
[Date "2024.12.22"]
[White "Dudognon, Thibault"]
[Black "Girel, Joseph"]
[WhiteElo "2411"]
[BlackElo "2494"]
[Round "10.8"]
[Result "1-0"]
[TimeControl "40/5400+30:1800+30"]

1. e4 c5 2. Nf3 Nc6 3. Bb5 e6 4. Bxc6 bxc6 5. b3 f6 6. e5 Ne7 7. Bb2 Ng6 8. d3 Be7 9. Nbd2 Qc7 10. h4 h5 11. Qe2 d6 12. exd6 Bxd6 13. Qe4 Ne7 14. Nc4 e5 15. Nfd2 Bf5 16. Qe2 Nd5 17. Ne4 Be7 18. O-O-O Nf4 19. Qf1 Ne6 20. Re1 Bg6 21. g3 O-O 22. Qh3 Nd4 23. g4 Qd7 24. f3 Rad8 25. Qg2 Rf7 26. g5 Kh7 27. Rhg1 Rg8 28. Ng3 Rff8 29. Ne4 Qf5 30. Bxd4 cxd4 31. Kb1 Bd8 32. Ned6 Qd7 33. Qg3 Bc7 34. Ne4 Qd5 35. gxf6 gxf6 36. Qh3 Rg7 37. Rg3 Qd7 38. Qg2 Bd8 39. Rg1 Rfg8 40. Qf2 Qf5 41. Ned6 Qf4 42. Qg2 Be7 43. Kb2 c5 44. Nc8 Bf8 45. Qe2 Qxh4 46. N8d6 Kh8 47. f4 exf4 48. R3g2 Qh3 49. Rh2 f3 50. Qd2 Qe6 51. Qf4 Bxd6 52. Nxd6 Qe3 53. Rxg6 Rh7 54. Qxf6+ 1-0

[Variant "Standard"]
[Site "Europe Echecs"]

[Event "Sunway Sitges Chess Festival"]
[Date "2024.12.22"]
[White "Ivanchuk, Vasyl"]
[Black "Savitha Shri B"]
[WhiteElo "2630"]
[BlackElo "2329"]
[Round "10.9"]
[Result "1-0"]
[TimeControl "40/5400+30:1800+30"]

1. e4 c5 2. Nf3 Nc6 3. d4 cxd4 4. Nxd4 Qb6 5. Nb3 e6 6. Nc3 Qc7 7. Be3 a6 8. Na4 b5 9. Nb6 Rb8 10. Nxc8 Rxc8 11. a4 Nf6 12. axb5 axb5 13. Bxb5 Nxe4 14. O-O Nf6 15. c4 Bd6 16. g3 O-O 17. Qe2 Ra8 18. Rfd1 Be7 19. Nd4 Nxd4 20. Bxd4 d5 21. Rxa8 Rxa8 22. c5 Ne4 23. b4 Bf6 24. Bxf6 Nxf6 25. Qb2 Rb8 26. Bf1 Ne4 27. Rc1 Rc8 28. Ba6 Rb8 29. Bd3 Ng5 30. b5 d4 31. c6 Rb6 32. f4 Nh3+ 33. Kg2 Nxf4+ 34. gxf4 Qxf4 35. c7 Qg4+ 36. Kh1 1-0

[Variant "Standard"]
[Site "Europe Echecs"]

[Event "Sunway Sitges Chess Festival"]
[Date "2024.12.22"]
[White "Lopez Martinez, Josep Manuel"]
[Black "Song, Edward"]
[WhiteElo "2455"]
[BlackElo "2363"]
[Round "10.10"]
[Result "1/2-1/2"]
[TimeControl "40/5400+30:1800+30"]

1. Nf3 Nf6 2. c4 b6 3. g3 c5 4. Bg2 Bb7 5. O-O g6 6. d3 Bg7 7. e4 O-O 8. Nc3 Nc6 9. a3 Ne8 10. Rb1 Nc7 11. Nd5 Ne6 12. b4 d6 13. Kh1 h6 14. Bd2 Ncd4 15. Ng1 Nc7 16. Nc3 Rb8 17. Be3 e6 18. Qd2 Kh7 19. Nge2 Qd7 20. bxc5 dxc5 21. Bxd4 Bxd4 22. Nxd4 Qxd4 23. a4 Bc6 24. f4 Rbd8 25. Rbd1 f5 26. Rfe1 Rfe8 27. Nb5 Bxb5 28. axb5 a5 29. h3 Qf6 30. Kh2 Re7 31. exf5 exf5 32. Rxe7+ Qxe7 33. Re1 Qf6 34. Bc6 Rd6 35. Re5 Kg7 36. Bd5 Nxd5 37. cxd5 Qd8 38. Qc3 Kf7 39. Qc4 h5 40. d4 cxd4 41. Qxd4 Qc7 42. Re2 Rd8 43. h4 Qc5 44. Qe5 Qd6 45. Qe3 a4 46. Qd4 Qxd5 47. Qxb6 a3 48. Qa7+ Rd7 49. Qxa3 Qxb5 50. Qe3 Rb7 51. Qe6+ Kg7 52. Rd2 Kh7 53. Qf6 Qf1 54. Qe5 Rg7 1/2-1/2

[Variant "Standard"]
[Site "Europe Echecs"]

[Event "Sunway Sitges Chess Festival"]
[Date "2024.12.22"]
[White "Raczek, Krzysztof"]
[Black "kiladze, Luka"]
[WhiteElo "2443"]
[BlackElo "2359"]
[Round "10.11"]
[Result "0-1"]
[TimeControl "40/5400+30:1800+30"]

1. e4 c5 2. Nf3 Nc6 3. Bb5 g6 4. Bxc6 dxc6 5. d3 Bg7 6. a4 Nf6 7. a5 O-O 8. Be3 b5 9. Bxc5 Bg4 10. Be3 Nd7 11. h3 Bxf3 12. Qxf3 Bxb2 13. Ra2 Bg7 14. O-O a6 15. Qe2 e5 16. c4 f5 17. f3 Nf6 18. cxb5 cxb5 19. Rc1 Nh5 20. Nc3 Rc8 21. Rac2 Nf4 22. Bxf4 exf4 23. Nd5 Rxc2 24. Qxc2 Qxa5 25. Kh1 fxe4 26. dxe4 Qa3 27. Rd1 Kh8 28. Qd2 Qb2 29. Qa5 Qc2 30. Ra1 Qb2 31. Rf1 b4 32. Qxa6 b3 33. Nc7 Qf6 34. Qb5 b2 35. Nd5 Qe5 36. Rb1 h5 37. Kh2 Rc8 38. Qf1 Kh7 39. Nb4 Qd4 40. Nd3 Rc2 41. Rd1 Qc3 42. e5 Bxe5 43. Nxe5 Qxe5 44. Qa6 Kh6 45. Qb6 Rc1 46. Rd5 Qe1 47. Rxh5+ Kxh5 48. Qc5+ Rxc5 0-1

[Variant "Standard"]
[Site "Europe Echecs"]

[Event "Sunway Sitges Chess Festival"]
[Date "2024.12.22"]
[White "Arfan, Aditya Bagus"]
[Black "Kristoferitsch, Daniel"]
[WhiteElo "2416"]
[BlackElo "2287"]
[Round "10.12"]
[Result "1/2-1/2"]
[TimeControl "40/5400+30:1800+30"]

1. Nf3 c5 2. e4 d6 3. d4 cxd4 4. Nxd4 Nf6 5. Nc3 a6 6. h3 e5 7. Nf3 h6 8. g4 b5 9. g5 hxg5 10. Bxg5 Nbd7 11. a4 b4 12. Nd5 Bb7 13. Bc4 Be7 14. Bxf6 Bxf6 15. a5 Rc8 16. Qe2 Rc5 17. Nxb4 Rxa5 18. Rd1 Qb6 19. c3 Nf8 20. Bd5 Ng6 21. Bxb7 Qxb7 22. Nd5 Ra2 23. Rd2 Ra1+ 24. Rd1 Ra2 25. Rd2 a5 26. Qc4 Ra1+ 27. Rd1 Rxd1+ 28. Kxd1 O-O 29. Kc2 Rc8 30. Qa4 Qa6 31. Re1 Nf4 32. Nxf4 exf4 33. e5 dxe5 34. Nxe5 Rd8 35. Qc4 Qb7 36. Nd3 Qf3 37. Qe4 Qxh3 38. Rh1 Qd7 39. Qh7+ Kf8 40. Qh8+ Ke7 41. Re1+ Kd6 42. Qh5 g5 43. Qf3 Kc7 44. Re4 Qd5 45. Qe2 Rd6 46. f3 Re6 47. Rxe6 fxe6 48. Nf2 a4 49. Ne4 Be7 50. Qa6 Qb3+ 51. Kc1 a3 52. Qa7+ Kd8 53. bxa3 Bxa3+ 54. Kd2 Qb2+ 1/2-1/2

[Variant "Standard"]
[Site "Europe Echecs"]

[Event "Sunway Sitges Chess Festival"]
[Date "2024.12.22"]
[White "Atanasov, Anthony"]
[Black "Naoum, Spyridon"]
[WhiteElo "2415"]
[BlackElo "2338"]
[Round "10.13"]
[Result "1/2-1/2"]
[TimeControl "40/5400+30:1800+30"]

1. d4 d5 2. Nf3 Nf6 3. Bf4 c5 4. e3 Nc6 5. Be2 Bg4 6. Nbd2 e6 7. O-O Be7 8. h3 Bh5 9. dxc5 Bxc5 10. a3 O-O 11. c4 a6 12. Rc1 Bd6 13. cxd5 Nxd5 14. Bxd6 Qxd6 15. Qb3 Qe7 16. Nc4 Rfd8 17. Nb6 Nxb6 18. Qxb6 Rd6 19. Qc5 Bg6 20. Ne5 Nxe5 21. Qxe5 f6 22. Qa5 Be4 23. Rfd1 Rxd1+ 24. Rxd1 Rc8 25.
Qb6 Bd5 26. b4 Qc7 27. Qd4 Qc3 28. Qb6 Qc7 29. Qd4 Qc3 30. Qb6 1/2-1/2

[Variant "Standard"]
[Site "Europe Echecs"]

[Event "Sunway Sitges Chess Festival"]
[Date "2024.12.22"]
[White "Lacasa Diaz, Josep Anton"]
[Black "Gormally, Daniel W"]
[WhiteElo "2324"]
[BlackElo "2424"]
[Round "10.14"]
[Result "1/2-1/2"]
[TimeControl "40/5400+30:1800+30"]

1. Nf3 Nf6 2. c4 g6 3. Nc3 Bg7 4. e4 O-O 5. d4 d6 6. Be2 c5 7. d5 e6 8. O-O exd5 9. exd5 Bf5 10. Nh4 Bc8 11. h3 Na6 12. Nf3 Bf5 13. g4 Bc8 14. Bf4 Nc7 15. Qd2 Re8 16. Rfe1 b5 17. cxb5 h5 18. gxh5 Nxh5 19. Ng5 Nxf4 20. Qxf4 Qf6 21. Qh4 Re5 22. Nce4 Qe7 23. Bd3 c4 24. f4 cxd3 25. fxe5 Qxe5 26. Nh7 Qd4+ 27. Kf1 g5 28. Nhxg5 Bf5 29. Qf2 Qxd5 30. Ng3 Bg6 31. N5e4 Qxb5 32. Nxd6 Qxb2 33. Qxb2 Bxb2 34. Rad1 Rd8 35. Ndf5 Kf8 36. Re3 d2 37. Ke2 Bc1 38. Rd3 Re8+ 39. Kf2 Ne6 40. h4 Ng7 41. Rd5 Nxf5 42. Nxf5 Bh5 43. R1xd2 1/2-1/2

[Variant "Standard"]
[Site "Europe Echecs"]

[Event "Sunway Sitges Chess Festival"]
[Date "2024.12.22"]
[White "Safarov, Deniel"]
[Black "Xu, Minghui"]
[WhiteElo "2319"]
[BlackElo "2405"]
[Round "10.15"]
[Result "1/2-1/2"]
[TimeControl "40/5400+30:1800+30"]

1. e4 e5 2. Nf3 Nc6 3. Bb5 a6 4. Ba4 Nf6 5. O-O b5 6. Bb3 Bc5 7. c3 d6 8. a4 Bb7 9. d4 Bb6 10. Bg5 h6 11. Bxf6 Qxf6 12. Bd5 O-O 13. dxe5 dxe5 14. axb5 axb5 15. Rxa8 Rxa8 16. Na3 Nd8 17. Bxb7 Nxb7 18. Qd5 c6 19. Qxe5 Nc5 20. Qd4 Qxd4 21. cxd4 Nd3 22. Rb1 Nxb2 23. Rxb2 Rxa3 24. Kf1 Ba5 25.
Rc2 b4 26. Rxc6 b3 27. Rc8+ Kh7 28. Rb8 Bc3 29. Ke2 b2 30. Kd3 Ra8 31. Rb7 Ra7 32. Rb8 1/2-1/2

[Variant "Standard"]
[Site "Europe Echecs"]

[Event "Sunway Sitges Chess Festival"]
[Date "2024.12.22"]
[White "Aloma Vidal, Robert"]
[Black "Brzezina, Piotr"]
[WhiteElo "2398"]
[BlackElo "2274"]
[Round "10.16"]
[Result "1/2-1/2"]
[TimeControl "40/5400+30:1800+30"]

1. c4 Nf6 2. g3 c5 3. Bg2 d5 4. cxd5 Nxd5 5. d4 cxd4 6. Qxd4 e6 7. Nf3 Nc6 8. Qd3 Be7 9. O-O O-O 10. Rd1 Qc7 11. Nc3 Nxc3 12. Qxc3 e5 13. Bg5 Bg4 14. Rac1 Bxf3 15. Bxe7 Qxe7 16. Qxf3 Rfd8 17. e3 g6 18. h4 Kg7 19. a3 Rxd1+ 20. Qxd1 e4 21. b4 a6 22. Rc5 f5 23. h5 Kh6 24. hxg6 hxg6 25. Bf1 Ne5 26. Be2 Kg7 27. Kg2 Re8 28. Qc2 Qf6 29. Rc7+ Re7 30. Qc5 Nc6 31. Rc8 Qe6 32. Qc3+ Qe5 33. Qc1 Re8 34. Rxe8 Qxe8 35. a4 Ne5 36. Qc7+ Kh6 37. Qxb7 Qxa4 38. Qb8 Nf3 39. Qh8+ Kg5 40. Qd8+ Kh6 41. g4 fxg4 42. Qf8+ Kh5 43. Qh8+ Kg5 44. Qd8+ Kh6 45. Qf8+ Kh5 46. Qh8+ Kg5 47. Qd8+ Kh6 1/2-1/2

[Variant "Standard"]
[Site "Europe Echecs"]

[Event "Sunway Sitges Chess Festival"]
[Date "2024.12.22"]
[White "Esplugas Esteve, Vicenc"]
[Black "Isanzhulov, Arystan"]
[WhiteElo "2277"]
[BlackElo "2395"]
[Round "10.17"]
[Result "0-1"]
[TimeControl "40/5400+30:1800+30"]

1. d4 Nf6 2. c4 e6 3. Nc3 Bb4 4. f3 Ba5 5. e4 d5 6. e5 Nfd7 7. f4 c5 8. cxd5 exd5 9. dxc5 Nxc5 10. Be3 Ne4 11. Rc1 Qh4+ 12. g3 Nxg3 13. Nf3 Qh6 14. Qxd5 Nc6 15. Bb5 Nxh1 16. Bxc6+ Qxc6 17. Ke2 Bxc3 18. Qxc6+ bxc6 19. bxc3 Ba6+ 20. c4 Rb8 21. Kd3 Rb2 22. Rxh1 Rxa2 23. Bc5 Ra4 24. Rc1 Bc8 25. Nd4 g5 26. Nxc6 gxf4 27. Nxa7 Be6 28. Nb5 Kd7 29. Nd6 Kc6 30. Bd4 Rb8 31. Rf1 Rb3+ 32. Ke4 Ra2 33. h4 Re2+ 34. Kxf4 Rh2 35. Bf2 Rg2 36. Be3 Rg4+ 37. Kf3 Rxh4 38. Re1 Rh3+ 39. Kf4 f6 40. Ne4 Rbxe3 41. Rxe3 fxe5+ 0-1

[Variant "Standard"]
[Site "Europe Echecs"]

[Event "Sunway Sitges Chess Festival"]
[Date "2024.12.22"]
[White "Hess, Max"]
[Black "Hauchamps, Maxime"]
[WhiteElo "2385"]
[BlackElo "2269"]
[Round "10.18"]
[Result "1-0"]
[TimeControl "40/5400+30:1800+30"]

1. d4 d5 2. c4 c6 3. Nc3 Nf6 4. e3 e6 5. Nf3 Nbd7 6. Be2 Bd6 7. O-O O-O 8. b3 b6 9. Bb2 Bb7 10. Bd3 Re8 11. Rc1 Rc8 12. Re1 e5 13. dxe5 Nxe5 14. cxd5 Nxd3 15. Qxd3 Bb8 16. e4 cxd5 17. exd5 Qd6 18. Rxe8+ Rxe8 19. Rd1 Rd8 20. Qd4 Bxd5 21. Qe3 Qf8 22. Nxd5 Nxd5 23. Qd3 Bc7 24. Ng5 Nf6 25. Qc2 Rxd1+ 26. Qxd1 Qe7 27. g3 h6 28. Nf3 Bd6 29. Nd4 Bc5 30. Nf5 Qe6 31. Qf3 Qe1+ 32. Kg2 Ne4 33. Bxg7 Bxf2 34. Bxh6 Qg1+ 35. Kh3 Qf1+ 36. Kh4 Bxg3+ 37. Kg4 Qg1 38. hxg3 Nf2+ 39. Kh5 Qf1 40. Ne7+ 1-0

[Variant "Standard"]
[Site "Europe Echecs"]

[Event "Sunway Sitges Chess Festival"]
[Date "2024.12.22"]
[White "Arkell, Keith C"]
[Black "Chia, Yu Zhe Ashton"]
[WhiteElo "2355"]
[BlackElo "2252"]
[Round "10.19"]
[Result "1-0"]
[TimeControl "40/5400+30:1800+30"]

1. d4 Nf6 2. Nf3 e6 3. c4 b6 4. g3 Bb7 5. Bg2 Be7 6. O-O O-O 7. Nc3 Ne4 8. Nxe4 Bxe4 9. Nh4 Bxg2 10. Nxg2 d6 11. e4 Nd7 12. b3 Bf6 13. Rb1 Qe7 14. Re1 g6 15. Bh6 Rfe8 16. Ne3 e5 17. Nd5 Qd8 18. Nxf6+ Qxf6 19. d5 Kh8 20. Qg4 Qe7 21. Re2 Nf6 22. Qh4 Ng8 23. Bg5 f6 24. Bd2 Qf7 25. f4 Rf8 26. Rf1 Qd7 27. Ref2 Qg7 28. Qh3 Rae8 29. f5 g5 30. Qh5 Qf7 31. Qxf7 Rxf7 32. b4 Rc8 33. Rc1 c6 34. dxc6 Rxc6 35. b5 Rc8 36. Bb4 Kg7 37. Bxd6 Rd7 38. Rd2 Kf7 39. Rcc2 Ke8 40. Kf2 Nh6 41. Ke2 Nf7 42. Bb4 Rdc7 43. Kd3 g4 44. Rc1 Ng5 45. Bd6 Rd7 46. Ke3 Rcd8 47. Rcd1 Nf3 48. Rd5 Nd4 49. Bxe5 fxe5 50. Rxe5+ Kf7 51. Rd5 Rxd5 52. cxd5 Nxb5 53. Rc1 Re8 54. Kf4 Nd4 55. Rc4 Ne2+ 56. Kxg4 Kf6 57. Kf3 Ng1+ 58. Kg2 Ne2 59. Kf2 Nc3 60. Rxc3 Rxe4 61. Rd3 Kxf5 62. d6 Re8 63. Ra3 a5 64. Rb3 Rb8 65. d7 Rd8 66. Kf3 Rxd7 67. Rb5+ Kf6 68. Rxb6+ Kg7 69. Ke3 Re7+ 70. Kd3 Rf7 71. Re6 Rf1 72. Re4 Kg6 73. Rg4+ Kh6 74. Kc3 Rf3+ 75. Kb2 Rf2+ 76. Kb3 Rxh2 77. a3 Rg2 78. Ka4 Kh5 79. Rg7 h6 80. Kxa5 Ra2 81. g4+ Kh4 82. a4 Kg3 83. Rg6 Rh2 84. Kb6 Kf4 85. a5 Ke5 86. a6 Rb2+ 87. Kc7 Kd5 1-0

[Variant "Standard"]
[Site "Europe Echecs"]

[Event "Sunway Sitges Chess Festival"]
[Date "2024.12.22"]
[White "Alexiadis, Hristos"]
[Black "Marie, Maxime"]
[WhiteElo "2341"]
[BlackElo "2196"]
[Round "10.20"]
[Result "1-0"]
[TimeControl "40/5400+30:1800+30"]

1. Nf3 d5 2. c4 d4 3. g3 Nc6 4. Bg2 a5 5. O-O e5 6. d3 Bc5 7. Nbd2 Nge7 8. Nb3 Bb6 9. a4 O-O 10. Bd2 Qd6 11. Ng5 Qg6 12. Rc1 f5 13. c5 Ba7 14. Nf3 Bb8 15. Qe1 h6 16. e3 dxe3 17. fxe3 Qe6 18. Nxa5 Nxa5 19. Bxa5 Nc6 20. Bc3 Rxa4 21. Qd1 Ra8 22. d4 Rd8 23. Qc2 e4 24. Nh4 Ne7 25. g4 fxg4 26. Bxe4 c6 27. Rf2 g3 28. Rg2 Qh3 29. hxg3 Bxg3 30. Bh7+ Kh8 31. Ng6+ Nxg6 32. Qxg6 Bh2+ 33. Kf2 Rf8+ 34. Ke2 Rf7 35. Rf1 Bf5 36. Rxf5 Re8 37. Rxf7 Qxe3+ 38. Kd1 Be5 39. dxe5 Rd8+ 40. Kc2 1-0

[Variant "Standard"]
[Site "Europe Echecs"]

[Event "Sunway Sitges Chess Festival"]
[Date "2024.12.22"]
[White "Allahverdiyeva, Ayan"]
[Black "Alinasab, Mobina"]
[WhiteElo "2194"]
[BlackElo "2330"]
[Round "10.21"]
[Result "0-1"]
[TimeControl "40/5400+30:1800+30"]

1. e4 c5 2. Nf3 a6 3. c3 d5 4. exd5 Qxd5 5. Na3 Nf6 6. Be2 Qd8 7. Nc4 Nc6 8. a4 e6 9. O-O Be7 10. a5 Nd5 11. Re1 O-O 12. d3 Qc7 13. Qb3 Rb8 14. Nb6 Nxa5 15. Rxa5 Nxb6 16. Bf1 Nd5 17. Ra4 b5 18. Rg4 f6 19. d4 c4 20. Qc2 Rf7 21. h4 Bd7 22. h5 Kh8 23. Rg3 Bd6 24. Rh3 Re8 25. g3 Kg8 26. Rh4 Bc6 27. Bg2 Rfe7 28. Nd2 f5 29. Nf3 Nf6 30. Ne5 Bxg2 31. Kxg2 Bxe5 32. Rxe5 h6 33. Kg1 Qb7 34. b3 Nd7 35. Re1 cxb3 36. Qxb3 Qd5 37. Qc2 Rc8 38. Ba3 Rf7 39. Rf4 Nf6 40. Re5 Qd7 41. Bc5 Nxh5 42. Rf3 Nf6 43. Qa2 Rc6 44. c4 bxc4 45. Qxc4 Kh7 46. Ra3 Ne4 47. Qa2 Qc8 48. Kg2 Nxc5 49. dxc5 Rfc7 50. Rae3 Rxc5 51. Rxe6 Qb7+ 52. Kg1 Rc1+ 53. Re1 R7c2 54. Qa3 Qb1 55. Kf1 Qb5+ 56. Kg1 Rxe1+ 57. Rxe1 Qc5 58.
Qf3 Rc1 59. Rxc1 Qxc1+ 60. Kh2 Qc2 61.
Kg1 a5 62. Qa8 a4 63. Qa5 Qb1+ 64. Kh2 Qe4 65. Qc3 Qa8 66. Qa3 Qa7 67. Kg1 Qa5 68. Kg2 Qd5+ 69. Kh2 Qb3 70. Qc5 Qf3 71. Kg1 a3 72. Qa5 Qd3 73. Kh2 h5 74. Kg2 Qe4+ 75. Kh2 Qf3 76. Kg1 h4 77. gxh4 Kg6 78. Qd8 Qg4+ 79. Kf1 a2 0-1

[Variant "Standard"]
[Site "Europe Echecs"]

[Event "Sunway Sitges Chess Festival"]
[Date "2024.12.22"]
[White "Velten, Paul"]
[Black "Lee, Jun Wei"]
[WhiteElo "2501"]
[BlackElo "2238"]
[Round "10.22"]
[Result "1-0"]
[TimeControl "40/5400+30:1800+30"]

1. e4 c6 2. d4 d5 3. e5 Bf5 4. h4 h5 5. Bd3 Bxd3 6. Qxd3 Qa5+ 7. b4 Qxb4+ 8. Nd2 e6 9. Rb1 Qe7 10. Ne2 Nh6 11. Ng3 Qd7 12. c4 b6 13. O-O c5 14. dxc5 Bxc5 15. Ba3 Nc6 16. Bxc5 bxc5 17. Qe3 Qe7 18. cxd5 exd5 19. Nf3 O-O 20. Rfe1 Ng4 21. Qd2 g6 22. Qxd5 Nb4 23. Qc4 Rad8 24. e6 Nd3 25. Re2 f6 26. Qe4 Nde5 27. Qc2 Qxe6 28. Qxg6+ Nxg6 29. Rxe6 Nf4 30. Re4 Nd3 31. Nxh5 Ndxf2 32. Ra4 Rf7 33. Rf1 Rd5 34. Nf4 Rd1 35. Rxd1 Nxd1 36. Nd5 Nde3 37. Nxe3 Nxe3 38. Kf2 Re7 39. Ra6 Kg7 40. Rc6 c4 41. Nd4 Re4 42. Ne6+ Kf7 43. Kf3 Re5 44. Nf4 a5 45. Rc7+ Ke8 46. Ng6 Re6 47. h5 Kd8 48. Rc5 f5 49. Re5 1-0

[Variant "Standard"]
[Site "Europe Echecs"]

[Event "Sunway Sitges Chess Festival"]
[Date "2024.12.22"]
[White "Travadon, Loic"]
[Black "Tejaswini G"]
[WhiteElo "2428"]
[BlackElo "2211"]
[Round "10.23"]
[Result "1-0"]
[TimeControl "40/5400+30:1800+30"]

1. e4 c5 2. Nf3 d6 3. d4 cxd4 4. Nxd4 Nf6 5. Nc3 a6 6. Qd3 Nbd7 7. Be2 Nc5 8. Qe3 e6 9. a4 b6 10. O-O Bb7 11. Rd1 Qc7 12. b4 Ncxe4 13. Nxe4 Nxe4 14. Bh5 O-O-O 15. c4 d5 16. c5 bxc5 17. bxc5 Bxc5 18. Ba3 Bxa3 19. Rxa3 Nd6 20. Rb3 Nc4 21. Qg5 g6 22. Be2 e5 23. Nf3 f5 24. Rdb1 Bc6 25. Qf6 Rhe8 26. Bxc4 dxc4 27. Rb8+ Qxb8 28.
Qxc6+ Qc7 29. Qxa6+ Kd7 30. Rb7 Re6 31. Rxc7+ Kxc7 32. Qxc4+ Rc6 33. Qf7+ Rd7 34. Qxd7+ Kxd7 35. Nxe5+ Kc7 36. Nxc6 Kxc6 37. f3 Kb6 38. Kf2 Ka5 39. Ke3 Kxa4 40. Kf4 Kb5 41. Kg5 Kc6 42. Kh6 Kd6 43. Kxh7 Kd5 1-0

[Variant "Standard"]
[Site "Europe Echecs"]

[Event "Sunway Sitges Chess Festival"]
[Date "2024.12.22"]
[White "Domene Mulyukov, Alexander"]
[Black "Tan, Jun Ying"]
[WhiteElo "2205"]
[BlackElo "2357"]
[Round "10.24"]
[Result "0-1"]
[TimeControl "40/5400+30:1800+30"]

1. e4 c5 2. Nf3 d6 3. Bc4 Nf6 4. d3 e6 5. O-O Be7 6. Bb3 O-O 7. c3 Nc6 8. Re1 Rb8 9. Nbd2 b5 10. a3 Qc7 11. Nf1 Na5 12. Bc2 c4 13. d4 e5 14. h3 Re8 15. Ng3 h6 16. Nh4 Bf8 17. Nhf5 exd4 18. cxd4 Nb3 19. Bxb3 cxb3 20. Qf3 Qd8 21. Bd2 d5 22. e5 Ne4 23. Nxe4 dxe4 24. Rxe4 Bb7 25. Qg4 Re6 26. Nxh6+ Rxh6 27. Bxh6 Bxe4 28. Bxg7 Bxg7 29. Qxe4 Qc8 30. Rd1 Qc2 31. Rd3 Qc1+ 32. Kh2 Qxb2 33. Rg3 Rb6 34. Qa8+ Kh7 35. Qe4+ Rg6 36. e6 Qxd4 37. Qxd4 Bxd4 38. Rxg6 b2 39. exf7 Bg7 40. Rg5 b1=Q 41. f4 Qe4 0-1

[Variant "Standard"]
[Site "Europe Echecs"]

[Event "Sunway Sitges Chess Festival"]
[Date "2024.12.22"]
[White "Harish, Neeraj"]
[Black "Domingo Nunez, Alejandro"]
[WhiteElo "2153"]
[BlackElo "2318"]
[Round "10.25"]
[Result "1-0"]
[TimeControl "40/5400+30:1800+30"]

1. e4 c5 2. Nf3 Nc6 3. d4 cxd4 4. Nxd4 e6 5. Nc3 Qc7 6. Be3 a6 7. g4 Ne5 8. f4 Nc4 9. Bxc4 Qxc4 10. g5 b5 11. Qd2 Bb7 12. O-O-O b4 13. Nb3 Rd8 14. Nd5 exd5 15. exd5 Bd6 16. Rhe1 Kf8 17. f5 f6 18. Qf2 Rc8 19. Re2 h6 20. Na5 Qb5 21. Nxb7 Qxb7 22. g6 b3 23. axb3 Qxb3 24. Bf4 Be5 25. Bxe5 fxe5 26. Rxe5 Nf6 27. Rde1 Qb4 28. Qe3 Qb8 29. Re7 Qd6 30. Rf7+ Kg8 31. Qe7 Qxe7 32. Rexe7 Ne8 33. Rxd7 h5 34. h4 Rh6 35. d6 Nf6 36. Rc7 Rd8 37. d7 1-0

[Variant "Standard"]
[Site "Europe Echecs"]

[Event "Sunway Sitges Chess Festival"]
[Date "2024.12.22"]
[White "Ibrahimova, Sabina"]
[Black "Anand, Batsukh"]
[WhiteElo "2179"]
[BlackElo "2290"]
[Round "10.26"]
[Result "1/2-1/2"]
[TimeControl "40/5400+30:1800+30"]

1. c4 Nf6 2. Nc3 e5 3. Nf3 Nc6 4. e4 Bb4 5. d3 d6 6. a3 Bc5 7. b4 Bd4 8. Nxd4 Nxd4 9. h3 h6 10. Ne2 Nxe2 11. Bxe2 O-O 12. O-O c6 13. f4 a5 14. Be3 Re8 15. Qd2 Qe7 16. Qb2 Nd7 17. Rf2 exf4 18. Bxf4 Ne5 19. Raf1 axb4 20. axb4 Be6 21. c5 Qf6 22. d4 Nc4 23. Qc3 Ra3 24. Qc1 Qxd4 25. Rd1 Qf6 26. e5 dxe5 27. Bh2 Qg6 28. Bxc4 Rxh3 29. Bxe6 Rxe6 30. Rd7 f5 31. Rd6 Rh4 32. Qd1 Re4 33. Qb3 Kf7 34. Rd7+ Kf6 35. Qd3 f4 36. Rd6 Re1+ 37. Rf1 Qxd3 38. Rxd3 Rxf1+ 39. Kxf1 Re7 40.
Ke2 Kf5 41. Ra3 g5 42. Ra7 Rc7 43. Ra8 h5 44. Rf8+ Ke4 45. Rh8 h4 46. Rg8 h3 47. g4 Rd7 48. Rxg5 Rd4 49. Rh5 Rxb4 50. Rxh3 Rb2+ 51. Kf1 Rb1+ 52.
Kg2 Rb2+ 53. Kf1 Rc2 54. Bg1 f3 55. Rh2 Rc1+ 56. Kf2 Kf4 57. Rh7 Rc2+ 58. Kf1 e4 59. Rf7+ Kg3 60. Be3 Rb2 61. Bf4+ Kxg4 62. Be3 Rb3 63. Kf2 Rb2+ 64. Kf1 Rb4 65. Kf2 Rb2+ 66. Kf1 Rb1+ 67. Kf2 Rb2+ 68. Kf1 Rb1+ 69. Kf2 Rb2+ 70. Kf1 Rb1+ 1/2-1/2

[Variant "Standard"]
[Site "Europe Echecs"]

[Event "Sunway Sitges Chess Festival"]
[Date "2024.12.22"]
[White "Jaksland, Tim"]
[Black "Torres Rosas, Luis Carlos"]
[WhiteElo "2107"]
[BlackElo "2277"]
[Round "10.27"]
[Result "1/2-1/2"]
[TimeControl "40/5400+30:1800+30"]

1. e4 e6 2. d4 d5 3. exd5 exd5 4. Nf3 Nf6 5. h3 Bd6 6. Bd3 O-O 7. O-O Nc6 8. c3 Re8 9. Re1 Rxe1+ 10. Qxe1 Ne7 11. Ne5 Bf5 12. Qe2 Bxd3 13. Nxd3 Ng6 14. Nd2 Qe8 15. Qxe8+ Rxe8 16. Kf1 b6 17. Nf3 Ne4 18. Be3 Ng3+ 19. Kg1 Nf5 20. Bd2 h5 21. Re1 Rxe1+ 22. Nfxe1 f6 23. g4 hxg4 24. hxg4 Nfh4 25. Kf1 Kf7 26. Ke2 Ke6 27. Be3 c6 28. f3 Ne7 29. Bf4 Nc8 30. Bxd6 Nxd6 31. Nf4+ Kf7 32. Neg2 1/2-1/2

[Variant "Standard"]
[Site "Europe Echecs"]

[Event "Sunway Sitges Chess Festival"]
[Date "2024.12.22"]
[White "Piccoli, Lucas Fonseca"]
[Black "Patel, Zain"]
[WhiteElo "2270"]
[BlackElo "2099"]
[Round "10.28"]
[Result "1-0"]
[TimeControl "40/5400+30:1800+30"]

1. e4 e5 2. Nf3 Nc6 3. d4 exd4 4. Nxd4 Nf6 5. Nxc6 bxc6 6. e5 Qe7 7. Qe2 Nd5 8. Nd2 a5 9. c4 Ba6 10. b3 g6 11. Bb2 Bg7 12. g3 O-O 13. Bg2 a4 14. O-O a3 15. Bd4 Rfe8 16. Rfe1 Nb4 17. Ne4 Bxe5 18. Qd2 d6 19. f4 Rad8 20. Qc3 d5 21. Nf6+ Qxf6 22. fxe5 Qe7 23. e6 fxe6 24. Bh3 Bc8 25. c5 Na6 26. Re5 Bd7 27. Rae1 Rb8 28. Bf1 Nb4 29. Qd2 Bc8 30. Bh3 Rb5 31. Rf1 Na6 32. Qh6 Nxc5 33. Rg5 e5 34. Rxg6+ hxg6 35. Qxg6+ Kh8 36. Rf7 Qxf7 37. Qxf7 exd4 38. Qxe8+ Kg7 39. Bxc8 d3 40.
Qe7+ Kg6 41. g4 Ne4 42. Bf5+ Kh6 43. h4 1-0

[Variant "Standard"]
[Site "Europe Echecs"]

[Event "Sunway Sitges Chess Festival"]
[Date "2024.12.22"]
[White "Van Zyl-Rudd, Jack"]
[Black "Mizzi, Jack"]
[WhiteElo "2268"]
[BlackElo "2097"]
[Round "10.29"]
[Result "1-0"]
[TimeControl "40/5400+30:1800+30"]

1. d4 Nf6 2. c4 e6 3. Nf3 b6 4. g3 Bb7 5. Bg2 Bb4+ 6. Bd2 Qe7 7. O-O Bxd2 8. Qxd2 O-O 9. Nc3 d6 10. Rfe1 e5 11. e4 Nbd7 12. d5 a5 13. b3 Nc5 14. Qc2 g6 15. a3 c6 16. b4 Ncd7 17. Qb3 Rfc8 18. dxc6 Bxc6 19. Nd5 Bxd5 20. exd5 b5 21. cxb5 a4 22. Qb2 Qd8 23. Rac1 Nb6 24. Nd2 Rxc1 25. Rxc1 Rc8 26. Rc6 Nfxd5 27. Bxd5 Nxd5 28. Ne4 Rxc6 29. bxc6 Nb6 30. Qc1 d5 31. c7 Qf8 32. Nf6+ Kg7 33. Nd7 1-0

[Variant "Standard"]
[Site "Europe Echecs"]